Map: Scythe of Amon

Players

ZPR

  • Race: Terran Terran
  • League: Master
  • Spawn Location: 5:00

zpr

  • Race: Terran Terran
  • Spawn Location: 5:00

VOD

Have the link to the VOD?

Description

Time

  • Played on: Feb. 22, 2018, 5:53 a.m.
  • Length: 18:08
Show
View Real Time Build Order
Export as new Build Order

ZPR Terran 

Build Orders:  

Get SALT Encoding   

  12  0:09  SCV  
  13  0:25  Supply Depot  
  13  0:26  SCV  
  14  0:42  Refinery  
  14  0:43  SCV  
  16  1:00  SCV  
  16  1:09  Refinery  
  16  1:17  SCV  
  17  1:38  SCV  
  18  1:55  SCV  
  19  2:03  Factory  
  19  2:13  SCV  
  21  2:30  SCV  
  21  2:41  Starport  
  21  2:53  SCV  
  22  3:06  Starport Tech Reactor  
  22  3:07  Upgrade Laser Drill Level 1  
  23  3:10  SCV  
  23  3:11  Supply Depot  
  23  3:28  Armory  
  23  3:41  Hercules  
  26  4:26  Supply Depot  
  26  4:30  Factory  
  26  4:59  Engineering Bay  
  26  5:15  Supply Depot  
  26  5:17  Upgrade Laser Drill Level 2  
  26  5:30  Factory Tech Reactor  
  26  5:55  Siege Tank x2  
  32  6:31  Siege Tank x2  
  32  6:39  Maelstrom Rounds  
  38  7:07  Siege Tank  
  41  7:27  Siege Tank  
  44  7:56  Supply Depot  
  44  7:58  Siege Tank  
  44  7:59  Supply Depot  
  47  8:07  Spinning Dizzy  
  47  8:12  Spinning Dizzy  
  47  8:27  Siege Tank  
  50  8:32  Supply Depot  
  50  8:53  Siege Tank  
  53  9:24  Siege Tank  
  56  9:40  Hercules  
  59  10:00  Siege Tank  
  62  10:12  Spinning Dizzy  
  62  10:15  Spinning Dizzy x2  
  62  10:18  Spinning Dizzy  
  59  10:40  Siege Tank  
  59  10:42  SCV  
  62  10:56  Siege Tank  
  65  11:11  Supply Depot  
  65  11:26  Siege Tank  
  68  11:55  Siege Tank  
  71  12:06  Siege Tank x2  
  71  12:28  Siege Tank  
  71  12:31  Siege Tank  
  71  12:37  Siege Tank  
  71  12:44  Siege Tank  
  68  12:51  Siege Tank  
  62  13:00  Siege Tank  
  68  13:20  Siege Tank  
  68  13:24  Siege Tank  
  71  13:39  Siege Tank  
  74  14:51  Siege Tank  
  74  15:35  Siege Tank  
  77  16:10  Supply Depot  
  77  16:11  Supply Depot  
  77  16:36  Siege Tank  
  77  16:40  Siege Tank x2  
  80  16:57  Siege Tank  
  80  17:04  Siege Tank x2  
  80  17:05  Siege Tank x2  
Show
View Real Time Build Order
Export as new Build Order

zpr Terran 

Build Orders:  

Get SALT Encoding   

Tags
 
Commander
RaynorSwann
League
Master
Matchup
Co-op
Replay Pack
Co-op Speedrun
Add a new tag
Caveats
  • Supply blocks, unpowered buildings, or Contaminate may cause inaccurate times.
  • Supply counts are checked every 10 seconds.